 Dungeon Crawl Stone Soup version 0.30-a0-393-g54b8e3be05 (webtiles) character file.

Game seed: 1661458271865091319

201 MacCMillion the Gusty (level 5, 28/28 HPs)
             Began as a Tengu Air Elementalist on Nov 26, 2022.
             Quit the game on level 3 of the Dungeon on Dec 5, 2022.
             The game lasted 00:08:41 (2993 turns).

MacCMillion the Gusty (Tengu Air Elementalist)      Turns: 2993, Time: 00:08:41

Health: 28/28      AC:  2    Str:  9    XL:     5   Next: 79%
Magic:  8/10       EV: 15    Int: 17    God:
Gold:   138        SH:  0    Dex: 14    Spells: 4/10 levels left

rFire   + . .      SeeInvis .    c - +1 dagger (freeze)
rCold   . . .      Faith    .    (no shield)
rNeg    . . .      Spirit   .    a - +0 robe
rPois   .          Reflect  .    (helmet restricted)
rElec   .          Harm     .    (no cloak)
rCorr   .          Rampage  .    (no gloves)
Will    +....                    (boots unavailable)
Stlth   ++........               (no amulet)
HPRegen 0.24/turn                i - ring of willpower
MPRegen 0.12/turn                m - ring of protection from fire

@: flying quickly and evasively, quick
A: beak, talons 3, nimble flight
a: no special abilities


You were on level 3 of the Dungeon.
You visited 1 branch of the dungeon, and saw 3 of its levels.

You collected 138 gold pieces.

Inventory:

Hand Weapons
 c - a +1 dagger of freezing (weapon)
Armour
 a - a +0 robe (worn)
Jewellery
 i - a ring of willpower (left hand)
 m - a ring of protection from fire (right hand)
 p - a +6 ring of strength
Scrolls
 e - a scroll of noise {unknown}
 g - a scroll of teleportation {unknown}
 n - a scroll of identify {unknown}
Potions
 b - 3 potions of magic
 d - a potion of degeneration {unknown}
 f - 2 potions of mutation {unknown}
 h - a potion of might {unknown}
 j - a potion of heal wounds {unknown}
 k - a potion of curing {unknown}
 l - a potion of lignification {unknown}
 o - a potion of brilliance {unknown}


   Skills:
 - Level 3.4 Dodging
 - Level 3.2 Stealth
 + Level 3.0 Spellcasting
 + Level 3.3 Conjurations
 + Level 5.1 Air Magic


You had 4 spell levels left.
You knew the following spells:

 Your Spells              Type           Power      Damage    Failure   Level
a - Shock                 Conj/Air       68%        1d7       3%          1
b - Static Discharge      Conj/Air       34%        2-4/arc   4%          2
c - Swiftness             Air            20%        N/A       6%          3

Your spell library contained the following spells:

 Spells                   Type           Power      Damage    Failure   Level
 Foxfire                  Conj/Fire      32%        2x1d5     9%          1
 Kiss of Death            Conj/Necr      32%        2d7       9%          1
 Poisonous Vapours        Pois/Air       22%        N/A       10%         2
 Sting                    Tmut/Pois      8%         1d3       17%         1
 Vhi's Electric Charge    Tloc/Air       22%        N/A       19%         3
 Airstrike                Air            10%        2d(2-18)  22%         4
 Confusing Touch          Hex            2%         N/A       45%         3
 Dispel Undead            Necr           2%         3d7       86%         4
 Olgreb's Toxic Radiance  Pois           2%         N/A       86%         4
 Arcjolt                  Conj/Air       8%         1d18      63%         5
 Lightning Bolt           Conj/Air       8%         1d21      63%         5
 Fireball                 Conj/Fire      4%         3d4       94%         5
 Starburst                Conj/Fire      4%         6d3       100%        6


Dungeon Overview and Level Annotations

Branches:
Dungeon (3/15)

Altars:
Cheibriados
Fedhas
Ru
The Shining One

Annotations:
D:2 Sigmund


Innate Abilities, Weirdness & Mutations

You have a beak for a mouth.
You have claws for feet.
Your magical nature lets you fly swiftly and evasively.


Message History

You add the spells Foxfire, Fireball and Starburst to your library.
Unknown command.
A goblin comes into view. It is wielding a +0 dagger.
The zap hits the goblin.
You kill the goblin!
A kobold comes into view. It is wielding a +0 whip.
The kobold shouts!
A kobold is nearby!
The zap hits the kobold.
You kill the kobold!
An orc comes into view. It is wielding a +0 flail.
The zap hits the orc.
The orc is heavily wounded.
The orc shouts!
The zap hits the orc.
You kill the orc!
Your Spellcasting skill increases to level 3!
Things that are here:
a +0 flail; a +0 leather armour A bat comes into view.
This spell is quite dangerous to cast!
Memorise Vhi's Electric Charge, consuming 3 spell levels and leaving 1?
Okay, then.
Okay, then.
Unknown command.
Okay, then.
Okay, then.
The zap hits the bat.
The bat is moderately wounded.
The zap hits the bat.
You kill the bat!
Okay, then.
Welcome back, MacCMillion the Tengu Air Elementalist.
Press ? for a list of commands and other information.
Welcome back, MacCMillion the Tengu Air Elementalist.
Press ? for a list of commands and other information.
Saving game... please wait.
Welcome back, MacCMillion the Tengu Air Elementalist.
Press ? for a list of commands and other information.
Are you sure you want to abandon this character and quit the game? (Confirm with "yes".)

...........###
#.##.###...#####..
############
#.##.#.##.###.....
#.##.........[....
##............####.
...............#..
##..........##.... .##
#.............#.#
.....###.......##....... ..
#...@..........#....# #..
#####....†...###.##.. #..
#...................
###..#####.##....#.#.###...#.
.<............####.#..##.....
.......)....#..# #.##.#####..
............##.###.##.## ##.
..........####..##.##..## #.
........#####......###..#####


There were no monsters in sight!

Vanquished Creatures
  Natasha (thrice) (D:2)
  2 adders
  4 gnolls
  A dart slug (D:3)
  2 orcs (D:3)
  7 bats
  10 endoplasms
  3 giant cockroaches
  6 goblins
  4 hobgoblins (D:1)
  3 jackals (D:1)
  4 kobolds
  2 quokkas
  9 ball pythons
  2 frilled lizards (D:2)
  2 rats (D:2)
64 creatures vanquished.

Notes
Turn   | Place    | Note
-------+----------+-------------------------------------------
     0 | D:1      | MacCMillion the Tengu Air Elementalist began the quest for
                  | the Orb.
     0 | D:1      | Reached XP level 1. HP: 10/10 MP: 4/4
   181 | D:1      | Reached XP level 2. HP: 15/15 MP: 0/6
   228 | D:1      | Upgraded the game from 0.30-a0-374-g95c0257040 to
                  | 0.30-a0-377-g5cb311bc9f
   417 | D:1      | Reached XP level 3. HP: 19/19 MP: 1/7
   522 | D:1      | Learned a level 2 spell: Static Discharge
   526 | D:1      | Learned a level 3 spell: Swiftness
  1158 | D:2      | Noticed Sigmund
  1238 | D:2      | Noticed Natasha
  1256 | D:2      | Killed Natasha
  1257 | D:2      | Reached XP level 4. HP: 15/24 MP: 0/8
  1795 | D:2      | Gained mutation: Your magical nature lets you fly swiftly
                  | and evasively. [Tengu growth]
  1795 | D:2      | Reached XP level 5. HP: 27/28 MP: 7/9
  1887 | D:2      | Noticed Natasha
  1890 | D:2      | Killed Natasha
  2045 | D:2      | Noticed Natasha
  2050 | D:2      | Killed Natasha
  2051 | D:2      | Reached skill level 5 in Air Magic
  2406 | D:3      | Found a blossoming altar of Fedhas.
  2489 | D:3      | Found a glowing golden altar of the Shining One.
  2563 | D:3      | Found a sacrificial altar of Ru.
  2660 | D:3      | Found a snail-covered altar of Cheibriados.
  2993 | D:3      | Upgraded the game from 0.30-a0-377-g5cb311bc9f to
                  | 0.30-a0-393-g54b8e3be05
  2993 | D:3      | Quit the game

Illustrated notes

Levels and vault maps discovered:
D:1:      matt_arrival_grand_opening, layout_rooms, minmay_shallow_snake_nest
D:2:      layout_basic, kennysheep_generic_room_12, uniq_natasha, uniq_sigmund
D:3:      layout_rooms, mainiacjoe_overflow_small_starburst, fedhas_altar_2,
          lemuel_coloured_pillars_altar, lemuel_round_altar,
          lightli_corner_chamber

Skill      XL: |  1  2  3  4  5 |
---------------+----------------+-----
Conjurations   | 2 3 |  3.3
Dodging        | 3 |  3.4
Stealth        | 3 |  3.2
Air Magic      | 5 |  5.1
Spellcasting   | 3 |  3.0

Action                   |  1- 3 |  4- 6 || total
-------------------------+-------+-------++-------
Melee: Unarmed           |     2 |       ||     2
       Kick              |     3 |     3 ||     6
       Peck              |     2 |     1 ||     3
       Dagger            |     8 |    18 ||    26
 Cast: Shock             |    59 |    48 ||   107
       Static Discharge  |     1 |     2 ||     3
 Stab: Sleeping          |       |     2 ||     2
Armor: Robe              |     1 |     3 ||     4
Dodge: Dodged            |     9 |    18 ||    27

Table legend: (Time is in decaauts)
 A = Elapsed time spent in this place.
 B = Non-inter-level travel time spent in this place.
 C = Inter-level travel time spent in this place.
 D = Time resting spent in this place.
 E = Time spent auto-exploring this place.
 F = Levels seen in this place.
 G = Mean time per level.
                   A        B        C        D        E       F      G
               +--------+--------+--------+--------+--------+-----+--------+
         Total |   2907 |   2817 |     90 |    316 |   2085 |   3 |  969.0 |
       Dungeon |   2907 |   2817 |     90 |    316 |   2085 |   3 |  969.0 |
               +--------+--------+--------+--------+--------+-----+--------+

Top non-repeatable levels by time:
     D:2: 1214 daAuts
     D:1: 1139 daAuts
     D:3: 553 daAuts
